 Dungeon Crawl Stone Soup version 0.26-a0-639-g72c4674329 (webtiles) character file.

Game seed: 16861332181959964902

11207 Borgoz the Grappler (level 11, -4/94 HPs)
             Began as a Ghoul Gladiator on Sept 20, 2020.
             Was a High Priest of Okawaru.
             Slain by a cyclops (17 damage)
             ... on level 12 of the Dungeon.
             The game lasted 00:19:32 (11793 turns).

Borgoz the Grappler (Ghoul Gladiator)              Turns: 11793, Time: 00:19:32

Health: -4/94      AC: 16    Str: 19    XL:     11   Next: 74%
Magic:  11/11      EV: 11    Int:  4    God:    Okawaru [*****.]
Gold:   373        SH:  0    Dex: 18    Spells: 10/10 levels left

rFire    . . .     SeeInvis .     - Unarmed
rCold    + . .     Faith    .   (no shield)
rNeg     + + +     Spirit   .   A - +0 plate armour
rPois    ∞         Reflect  +   b - +0 helmet
rElec    .         Harm     .   F - scarf {shadows}
rCorr    .         Rampage  .   (no gloves)
MR       .....                  k - +0 pair of boots
Stlth    ..........             x - amulet of reflection
HPRegen  0.00/turn              s - +6 ring of dexterity
MPRegen  0.12/turn              (no ring)

@: confused, barbed spikes, studying Shields
A: rotting body, claws 1, cold resistance 1, negative energy resistance 3,
inhibited regeneration, torment resistance, unbreathing
a: Heroism, Finesse, Renounce Religion


You were on level 12 of the Dungeon.
You worshipped Okawaru.
Okawaru was extremely pleased with you.
You visited 2 branches of the dungeon, and saw 13 of its levels.

You collected 643 gold pieces.
You spent 270 gold pieces at shops.

Inventory:

Armour
 b - a +0 helmet (worn)
 k - a +0 pair of boots (worn)
 A - a +0 plate armour (worn)
 F - a scarf of shadows (worn)
Jewellery
 s - a +6 ring of dexterity (left claw)
 x - an amulet of reflection (around neck)
Wands
 j - a wand of disintegration (12)
 l - a wand of paralysis (14)
 o - a wand of polymorph (16)
 q - a wand of iceblast (11)
 v - a wand of flame (7)
 w - a wand of digging (8)
 C - a wand of acid (4)
Scrolls
 a - 4 scrolls of teleportation
 d - 3 scrolls of enchant weapon {unknown}
 f - 5 scrolls of random uselessness {unknown}
 g - 5 scrolls of enchant armour {unknown}
 h - a scroll of magic mapping {unknown}
 i - 2 scrolls of amnesia {unknown}
 m - 2 scrolls of noise {unknown}
 n - 3 scrolls of blinking {unknown}
 y - 2 scrolls of fog {unknown}
 D - a scroll of silence
 E - 2 scrolls of remove curse {unknown}
 G - a scroll of brand weapon {unknown}
Potions
 e - a potion of stabbing
 r - a potion of brilliance
 t - 2 potions of might
 u - 2 potions of flight
 z - a potion of cancellation
 B - 2 potions of ambrosia
Books
 p - a manual of Shields


   Skills:
 * Level 8.3 Fighting
 - Level 1.7 Throwing
 * Level 8.8 Armour
 * Level 9.3 Dodging
 + Level 2.2 Shields
 * Level 10.9 Unarmed Combat
 + Level 1.8 Invocations


You had 10 spell levels left.
You didn't know any spells.
Your spell library contained the following spells:

 Spells                   Type           Power        Failure   Level
 Animate Skeleton         Necr           #.....       100%        1
 Apportation              Tloc           #.....       100%        1
 Corona                   Hex            #......      100%        1
 Freeze                   Ice            #...         100%        1
 Shock                    Conj/Air       #...         100%        1
 Sting                    Tmut/Pois      #...         100%        1
 Summon Small Mammal      Summ           #...         100%        1
 Poisonous Vapours        Pois/Air       #.....       100%        2
 Swiftness                Air            #.......     100%        2
 Frozen Ramparts          Ice            #.....       100%        3
 Ignite Poison            Fire/Tmut/Pois #.......     100%        3
 Mephitic Cloud           Conj/Pois/Air  #.......     100%        3
 Ozocubu's Armour         Ice            #.......     100%        3
 Static Discharge         Conj/Air       #.......     100%        3
 Airstrike                Air            #.........   100%        4
 Hailstorm                Conj/Ice       #.......     100%        4
 Olgreb's Toxic Radiance  Pois           #.......     100%        4
 Summon Ice Beast         Ice/Summ       #.......     100%        4
 Lightning Bolt           Conj/Air       #.........   100%        5


Dungeon Overview and Level Annotations

Branches:
Dungeon (12/15)            Temple (1/1) D:7            Lair (0/6) D:11
    Orc (0/2) D:9

Altars:
Ashenzari
Cheibriados
Dithmenos
Elyvilon
Fedhas
Gozag
Hepliaklqana
Kikubaaqudgha
Makhleb
Nemelex Xobeh
Okawaru
Qazlal
Ru
Sif Muna
Trog
Uskayaw
Vehumet
Wu Jian
Xom
Yredelemnul
Zin
The Shining One

Shops:
D:5 *   D:8 *   D:9 }


Innate Abilities, Weirdness & Mutations

Your body is rotting away.
You thrive by killing the living.
You are immune to poison.
You have sharp fingernails.
Your flesh is cold resistant. (rC+)
You are immune to negative energy. (rN+++)
You do not regenerate when monsters are visible.
You are immune to unholy pain and torment.
You can survive without breathing.


Message History

The throwing net barely misses the manticore.
The manticore barely misses you.
The manticore claws you but does no damage. x2
Throwing (i - inventory)
c - a throwing net (quivered)
Press: ? - help, Shift-Dir - straight line, f/p - manticore
Aim: a manticore You throw a throwing net.
The manticore bites you.
* * * LOW HITPOINT WARNING * * *
The manticore claws you.
* * * LOW HITPOINT WARNING * * *
The manticore barely misses you.
You're too confused!
Unknown command.
Okay, then.
The barbs in your skin will harm you if you move.
Continue?
Okay, then.
The manticore barely misses you.
The manticore claws you but does no damage. x2
The cyclops hits you!
You die...

########### #.........#
######## #.........#
#......# ####.....)...#
#......###............#
+.....(##..##<........##
#(....H@((###.........##
#.....C#### #...........
#......# #.........##
#......# #........>#
##+##### ####.######
#.....# #####.#
########'###
#..........#


You could see a manticore and a cyclops.

Vanquished Creatures
  Erolcha (D:9)
  Erica (D:9)
  2 ugly things (D:11)
  A deep elf mage (D:9)
  A gargoyle (D:11)
  A kobold demonologist (D:12)
  A komodo dragon (D:8)
  A queen bee (D:10)
  2 trolls
  Grinder (D:3)
  A slime creature (D:7)
  2 hippogriffs
  2 wargs (D:11)
  Duvessa (D:6)
  2 ice beasts
  6 orc warriors
  A phantom (D:11)
  A black bear (D:10)
  4 sky beasts
  4 ogres
  A centaur (D:9)
  3 big kobolds
  4 bullfrogs
  Dowan (D:6)
  2 wyvern skeletons (D:9)
  6 scorpions
  11 wights
  24 killer bees (D:10)
  11 howler monkeys
  A centaur zombie (D:9)
  3 hounds
  3 jellies
  5 orc priests
  2 bullfrog zombies
  5 orc wizards
  Jessica (D:2)
  3 centaur skeletons
  4 iguanas
  Natasha (thrice) (D:3)
  Terence (D:3)
  8 worker ants
  A killer bee zombie (D:10)
  2 hound zombies
  4 gnolls (D:4)
  2 howler monkey skeletons
  7 adders
  A shadow imp (D:5)
  A white imp (D:5)
  An ufetubus (D:8)
  An ooze (D:6)
  An adder zombie (D:3)
  3 worms
  2 dart slugs
  8 leopard geckos
  27 orcs
  3 bats
  4 giant cockroaches
  11 goblins
  10 hobgoblins
  8 jackals
  20 kobolds
  3 quokkas
  4 ball pythons
  3 frilled lizards
  2 leopard gecko skeletons
  6 rats
273 creatures vanquished.

Vanquished Creatures (others)
  5 plants
5 creatures vanquished.

Grand Total: 278 creatures vanquished

Notes
Turn   | Place    | Note
-------+----------+-------------------------------------------
     0 | D:1      | Borgoz the Ghoul Gladiator began the quest for the Orb.
     0 | D:1      | Reached XP level 1. HP: 17/17 MP: 0/0
   227 | D:1      | Reached XP level 2. HP: 25/25 MP: 1/1
   673 | D:1      | Reached skill level 1 in Armour
   880 | D:1      | Reached XP level 3. HP: 29/30 MP: 2/2
  1123 | D:2      | Found a faded altar of an unknown god.
  1165 | D:2      | Reached skill level 4 in Unarmed Combat
  1165 | D:2      | Reached XP level 4. HP: 36/37 MP: 3/3
  1305 | D:2      | Noticed Jessica
  1309 | D:2      | Killed Jessica
  1501 | D:3      | Noticed Natasha
  1514 | D:3      | Killed Natasha
  1514 | D:3      | Reached XP level 5. HP: 32/45 MP: 4/4
  1659 | D:3      | Noticed Grinder
  1659 | D:3      | Noticed Natasha
  1679 | D:3      | Paralysed by Grinder for 6 turns
  1691 | D:3      | Killed Natasha
  1692 | D:3      | Found a snail-covered altar of Cheibriados.
  1706 | D:3      | Killed Grinder
  1706 | D:3      | Reached skill level 5 in Unarmed Combat
  1706 | D:3      | Reached XP level 6. HP: 17/51 MP: 5/5
  2078 | D:3      | Found an ornate altar of the Wu Jian Council.
  2083 | D:3      | Noticed Natasha
  2097 | D:3      | Killed Natasha
  2308 | D:3      | Noticed Terence
  2326 | D:3      | Killed Terence
  2487 | D:3      | Noticed an orc warrior
  2582 | D:4      | Reached XP level 7. HP: 58/58 MP: 6/6
  2592 | D:4      | Got a masterwork spear
  3310 | D:4      | Found an opulent altar of Gozag.
  3531 | D:5      | Entered Level 5 of the Dungeon
  3846 | D:5      | Found Seot's Assorted Antiques.
  3852 | D:5      | Bought a puce potion for 24 gold pieces
  3852 | D:5      | Bought a scroll labeled XICUCE SYNEU for 27 gold pieces
  3852 | D:5      | Bought a scroll labeled DET IG AHYRRUCK for 27 gold pieces
  3852 | D:5      | Bought a puce potion for 24 gold pieces
  3944 | D:5      | Reached skill level 6 in Unarmed Combat
  4227 | D:6      | Found a radiant altar of Vehumet.
  4239 | D:6      | Found a white marble altar of Elyvilon.
  4247 | D:6      | Reached XP level 8. HP: 66/66 MP: 7/7
  4300 | D:6      | Found a hide-covered altar of Uskayaw.
  4330 | D:6      | Reached skill level 5 in Dodging
  4342 | D:6      | Noticed Dowan
  4343 | D:6      | Noticed Duvessa
  4359 | D:6      | Killed Duvessa
  4364 | D:6      | Killed Dowan
  5228 | D:7      | Found a staircase to the Ecumenical Temple.
  5274 | Temple   | Entered the Ecumenical Temple
  5339 | Temple   | Became a worshipper of Warmaster Okawaru
  5395 | D:7      | Noticed a slime creature
  5408 | D:7      | Killed a slime creature
  5408 | D:7      | Reached skill level 5 in Fighting
  5408 | D:7      | Reached skill level 7 in Unarmed Combat
  5410 | D:7      | Reached skill level 5 in Armour
  5484 | D:7      | Reached XP level 9. HP: 64/74 MP: 8/8
  5553 | D:7      | Found a shattered altar of Ashenzari.
  6011 | D:8      | Noticed a komodo dragon
  6023 | D:8      | Killed a komodo dragon
  6023 | D:8      | Reached * piety under Okawaru
  6273 | D:8      | Found a bloodstained altar of Trog.
  6603 | D:8      | Found Hylyfus's General Store.
  6638 | D:8      | Bought a potion of might for 56 gold pieces
  6661 | D:8      | Bought a potion of cancellation for 112 gold pieces
  6924 | D:8      | Reached skill level 8 in Unarmed Combat
  7273 | D:9      | Noticed Erolcha
  7275 | D:9      | Noticed Erica
  7281 | D:9      | Paralysed by Erolcha for 7 turns
  7302 | D:9      | Killed Erica
  7302 | D:9      | Reached ** piety under Okawaru
  7302 | D:9      | Reached XP level 10. HP: 15/83 MP: 9/9
  7308 | D:9      | HP: 1/83 [Erolcha/+4 giant club (14)]
  7310 | D:9      | Killed Erolcha
  7310 | D:9      | Reached skill level 9 in Unarmed Combat
  7759 | D:9      | Found Beif's Gadget Shoppe.
  7787 | D:9      | Found a shimmering blue altar of Sif Muna.
  7893 | D:9      | Found a staircase to the Orcish Mines.
  8403 | D:9      | Found a blossoming altar of Fedhas.
  8457 | D:9      | Reached *** piety under Okawaru
  8531 | D:9      | Noticed a deep elf mage
  8539 | D:9      | Killed a deep elf mage
  8656 | D:10     | Entered Level 10 of the Dungeon
  8835 | D:10     | Reached **** piety under Okawaru
  9044 | D:10     | Reached skill level 10 in Unarmed Combat
  9227 | D:10     | Reached XP level 11. HP: 76/92 MP: 10/10
  9264 | D:10     | Received a gift from Okawaru
  9832 | D:11     | Reached ***** piety under Okawaru
 10083 | D:11     | Noticed a cyan ugly thing
 10101 | D:11     | Killed a cyan ugly thing
 10528 | D:11     | Reached skill level 1 in Shields
 10646 | D:11     | Found a staircase to the Lair.
 10657 | D:11     | Reached skill level 1 in Invocations
 10996 | D:11     | Noticed a brown ugly thing
 11015 | D:11     | Killed a brown ugly thing
 11383 | D:11     | Received a gift from Okawaru
 11782 | D:12     | Noticed a manticore
 11782 | D:12     | Noticed a cyclops
 11793 | D:12     | Slain by a cyclops

Illustrated notes

Levels and vault maps discovered:
D:1:      dpeg_arrival_radiant, layout_basic, lexackson_kobold_supper
D:2:      layout_rooms, chequers_ecumenical_altar_island, uniq_jessica
D:3:      layout_loops_ring, cheibriados_altar_1, lemuel_crystal_altar,
          lightli_corner_chamber, uniq_grinder, uniq_natasha, uniq_terence
D:4:      layout_basic, grunt_decor_one_mirror, grunt_gozag_breadcrumbs
D:5:      layout_rooms, serial_shops, shop
D:6:      layout_cave_pools, grunt_temple_overflow_open, uniq_duvessa
D:7:      layout_basic, minmay_temple_entry_trees, basic_altar,
          minmay_misc_feat_more_columns, minmay_manual_mess
D:8:      layout_basic, bloody_trog, serial_shops, shop,
          hangedman_abyss_or_decor_slice
D:9:      layout_stronghold, lemuel_crystal_altar, fedhas_altar_1, orc_0_dummy,
          serial_shops, shop, uniq_erica, uniq_erolcha
D:10:     layout_long_grid, special_room [special_room_bee]
D:11:     layout_loops_corners, erik_lair_orcish_takeover,
          minmay_misc_feat_hallway
D:12:     layout_roguey, hangedman_pestilent_swarm
Temple:   eino_temple_water

Skill      XL: |  1  2  3  4  5  6  7  8  9 10 11 |
---------------+----------------------------------+-----
Armour         | 1 2 3 4 5 6 7 8 |  8.8
Dodging        | 3 4 6 7 8 9 |  9.3
Unarmed Combat | 4 5 6 7 8 10 | 10.9
Fighting       | 3 4 5 6 7 8 |  8.3
Shields        | 2 |  2.2
Invocations    | 1 |  1.8
Throwing       | |  1.7

Action                   |  1- 3 |  4- 6 |  7- 9 | 10-12 || total
-------------------------+-------+-------+-------+-------++-------
Melee: Unarmed           |   100 |   158 |   405 |   488 ||  1151
       Punch             |     1 |     3 |    14 |    30 ||    48
Throw: Throwing net      |       |       |     5 |     7 ||    12
Invok: Heroism           |       |       |       |     3 ||     3
Evoke: Wand              |       |       |       |     3 ||     3
  Use: Scroll            |       |     4 |     7 |     2 ||    13
       Potion            |       |     2 |     6 |     3 ||    11
 Stab: Held in net/web   |       |       |     2 |     2 ||     4
Armor: Leather armour    |     8 |       |       |       ||     8
       Ring mail         |    30 |    42 |   129 |    95 ||   296
       Plate armour      |       |       |       |    31 ||    31
Dodge: Dodged            |    76 |   101 |   296 |   324 ||   797
Block: Other             |       |       |     1 |   100 ||   101
       Reflection        |       |       |       |     4 ||     4

Table legend: (Time is in decaauts)
 A = Elapsed time spent in this place.
 B = Non-inter-level travel time spent in this place.
 C = Inter-level travel time spent in this place.
 D = Time resting spent in this place.
 E = Time spent auto-exploring this place.
 F = Levels seen in this place.
 G = Mean time per level.
                   A        B        C        D        E       F      G
               +--------+--------+--------+--------+--------+-----+--------+
         Total |  11606 |  11197 |    409 |   2298 |   7000 |  13 |  892.8 |
       Dungeon |  11523 |  11131 |    392 |   2298 |   6941 |  12 |  960.2 |
        Temple |     82 |     65 |     17 |      0 |     59 |   1 |   82.0 |
               +--------+--------+--------+--------+--------+-----+--------+

Top non-repeatable levels by time:
    D:11: 1839 daAuts
     D:9: 1545 daAuts
     D:3: 1222 daAuts
     D:8: 1181 daAuts
     D:7: 1151 daAuts
     D:4: 1142 daAuts
    D:10: 1111 daAuts
     D:1: 973 daAuts
     D:5: 507 daAuts
     D:6: 398 daAuts
     D:2: 345 daAuts
    D:12: 104 daAuts
  Temple: 82 daAuts
